 Dungeon Crawl Stone Soup version 0.16-a0-2739-g09de7a3 (console) character file.

679737 Kramin the Slayer (level 27, 144/187 (195) HPs) *WIZ*
             Began as a High Elf Gladiator on Jan 30, 2015.
             Was the Champion of Dithmenos.
             Quit the game on level 10 of the Dungeon on Feb 1, 2015.
             The game lasted 01:24:06 (4333 turns).

Kramin the Slayer (High Elf Gladiator)              Turns: 4333, Time: 01:24:06

HP:   144/187 (195) AC: 38    Str: 13      XL:     27
MP:   36/36         EV: 38    Int: 16 (21) God:    Dithmenos 169 (0)
Gold: 184           SH: 17    Dex: 37      Spells: 9 memorised, 10 levels left

rFire  + . .     SeeInvis +     a - +9 eudemon blade (holy)
rCold  + . .     Clarity  .     g - +10 pearl dragon armour
rNeg   + + .     SustAb   .     e - +2 shield {rF+}
rPois  .         Gourm    .     q - +0 mask of the Dragon {MR+ Slay+3 SInv}
rElec  .         Spirit   .     c - +2 cloak {MR+}
rCorr  .         Warding  .     d - +2 pair of fencer's gloves {EV+3 Dex+6 Slay+2}
rMut   .         Rnd*Tele +     h - +2 pair of boots {Stlth+}
MR     ++++.                    (no amulet)
Stlth  ++++++....               u - ring of protection from cold
                                i - ring of positive energy

@: wreathed by umbra, drained, incredibly resistant to hostile enchantments,
very stealthy
A: dopey 1, frail 1, low mp 1, screaming 2, teleportitis 1, weak 1
a: Shadow Step, Shadow Form, Renounce Religion
0: Orb of Zot
}: 4/15 runes: decaying, serpentine, silver, golden


You were on level 10 of the Dungeon.
You worshipped Dithmenos.
Dithmenos was exalted by your worship.
You were not hungry.

You visited 6 branches of the dungeon, and saw 34 of its levels.

You collected 184 gold pieces.

Inventory:

Hand weapons
 a - a +9 eudemon blade of holy wrath (weapon)
Armour
 c - a +2 cloak of magic resistance (worn)
 d - the +2 pair of fencer's gloves (worn) {EV+3 Dex+6 Slay+2} (Your wizardly powers created it on level 1 of the Dungeon) It affects your evasion (+3). It affects your dexterity (+6). It affects your accuracy and damage with ranged weapons and melee attacks (+2).
 e - a +2 shield of fire resistance (worn)
 g - a +10 pearl dragon armour (worn)
 h - a +2 pair of boots of stealth (worn)
 q - the +0 mask of the Dragon (worn) {MR+ Slay+3 SInv} (Your wizardly powers created it on level 1 of the Dungeon) It affects your accuracy and damage with ranged weapons and melee attacks (+3). It affects your resistance to hostile enchantments. It enhances your eyesight.
Magical staves
 b - an uncursed staff of energy
Jewellery
 i - a ring of positive energy (left hand)
 u - a ring of protection from cold (right hand)
Magical devices
 j - a wand of hasting (23)
 k - a wand of teleportation (15)
 l - a wand of heal wounds (14)
 m - a wand of digging (13)
Scrolls
 t - 11 scrolls of remove curse
Potions
 n - 7 potions of brilliance
 o - 9 potions of agility
 p - 11 potions of might
 r - 8 potions of curing
 v - 11 potions of magic
 w - a potion of restore abilities {unknown}
Books
 s - Denif's Catalogue of Slavery
   (You found it on level 3 of the Crypt)

   Spells                             Type                      Level
   *Summon Butterflies                Summoning                    1
   Summon Small Mammal                Summoning                    1
   Abjuration                         Summoning                    3
   Summon Ice Beast                   Ice/Summoning                4
   Monstrous Menagerie                Summoning                    6
Comestibles
 f - 6 meat rations


   Skills:
 + Level 25.4(25.2) Fighting
 - Level 14.0(13.9) Long Blades
 - Level 2.5 Throwing
 - Level 16.0(15.9) Armour
 - Level 22.0(21.8) Dodging
 - Level 22.0(21.8) Stealth
 - Level 15.0(14.9) Shields
 - Level 0.8(0.7) Unarmed Combat
 - Level 10.0(9.9) Spellcasting
 - Level 3.2(3.1) Hexes
 - Level 16.0(15.9) Charms
 - Level 0.6(0.5) Summonings
 - Level 5.0 Necromancy
 - Level 10.0(9.9) Translocations
 - Level 10.0(9.9) Air Magic
 - Level 20.0(19.8) Earth Magic
 - Level 10.0(9.8) Invocations
 - Level 5.2(5.1) Evocations


You had 10 spell levels left.
You knew the following spells:

 Your Spells              Type           Power        Failure   Level  Hunger
a - Phase Shift           Tloc           39 (200)     14%         5    241
b - Blink                 Tloc           N/A          1%          2    0
c - Apportation           Tloc           39 (1000)    1%          1    0
d - Summon Butterflies    Summ           9 (100)      21%         1    0
e - Deflect Missiles      Chrm/Air       49 (200)     21%         6    391
g - Spectral Weapon       Hex/Chrm       38 (100)     1%          3    0
h - Haste                 Chrm           55 (100)     8%          6    391
i - Shatter               Erth           63 (200)     100%        9    841
r - Regeneration          Chrm/Necr      41 (200)     1%          3    0


Dungeon Overview and Level Annotations

Branches:
Dungeon (15/15)            Vaults (3/5) D:13          Crypt (3/3) Vaults:3
   Tomb (3/3) Crypt:3      Depths (5/5) D:15            Zot (5/5) Depths:5
 Temple: D:4-7         Lair: D:8-11         Orc: D:9-12

Altars:
Ashenzari
Cheibriados
Kikubaaqudgha
Okawaru
Sif Muna
Xom
Yredelemnul

Shops:
D:13 [   Vaults:2 (   Depths:5 ?

Portals:
Hell: Depths:1 Depths:2 Depths:3 Depths:4 Depths:5
Abyss: Depths:2 Depths:3 Depths:4 Depths:5
Pandemonium: Depths:3 Depths:5
Ziggurat: Depths:3
Trove: D:13 (give +4 demon whip)

Annotations:
Tomb:3 Khufu


Innate Abilities, Weirdness & Mutations

You are dopey. (Int -2)
You are frail (-10% HP).
Your magical capacity is low (-10% MP).
You sometimes yell uncontrollably at your foes.
Space occasionally distorts in your vicinity.
You are weak. (Str -2)


Message History

an uncursed shortbow; 17 arrows; a centaur corpse Magic restored.
The killer bee completely misses you. You block the raven's attack. x2
The killer bee completely misses you.
The hill giant hits you with a giant club!
You block the killer bee's attack. You block the centaur's attack.
The centaur misses you.
The centaur unwields an uncursed shortbow.
The centaur completely misses you. You block the killer bee's attack.
A mysterious force pulls you upwards. The hatch slams shut behind you.
You sense a powerful magical force warping space.
You yell at the kobold!
A gargoyle, a kobold, an orc and an orc wizard come into view.
The kobold shouts!
The orc wizard shouts!
You hear a shout!
You hear a shout!
Found a scroll labeled PROACUATOV and a beef jerky.
Saving game... please wait.
Welcome back, Kramin the High Elf Gladiator.
Dithmenos says: Spread the eternal night.
Press ? for a list of commands and other information.
Are you sure you want to abandon this character and quit the game? (Confirm with "yes".)

#+# ... ... #.
#.# #
##..###.######.
#
+.....cy....K...
#
#?.....@b.......
+
#......Cc.......
#
#...........%.o
#
#............9.
#
##+#####..##.o#
# ..# . # ... ..
...# .. . .


You could see a hill giant, a raven, a gargoyle, 2 centaurs, a killer bee, an
orc wizard, an orc and a kobold.

Vanquished Creatures
  3 pandemonium lords
  2 greater mummies (Tomb:1)
  Mara (Tomb:1)
  A profane servitor (D:15)
  A hellephant (Tomb:1)
  3 Ice Fiends (Tomb:1)
  A tentacled monstrosity (Tomb:2)
  3 Hell Sentinels
  A Shadow Fiend (Zot:5)
  19 Orb Guardians
  A lich (Tomb:1)
  7 sphinxes
  3 Executioners
  2 revenants
  A balrug (Tomb:1)
  An emperor scorpion (Tomb:3)
  4 reapers
  A lorocyproca (Tomb:1)
  2 green deaths (Tomb:1)
  6 mummy priests
  A monstrous demonspawn (Crypt:3)
  A spectral fire giant (Tomb:2)
  12 death scarabs
  7 sun demons
  A gelid demonspawn (Tomb:1)
  2 giant orange brains
  6 soul eaters
  3 large abominations
  An infernal demonspawn (D:14)
  2 shadow demons
  3 anubis guards (Tomb:1)
  7 sixfirhies
  2 toenail golems (Crypt:3)
  7 smoke demons
  3 rust devils
  3 orange demons
  3 tormentors
  2 hellions
  6 blue devils
  9 guardian mummies
  3 hellwings
  5 red devils
  3 ushabtiu (Tomb:1)
  2 ravens (D:11)
  A fire dragon zombie (Tomb:1)
  11 flying skulls
  2 ynoxinuls
  5 chaos spawn
  5 neqoxecs
  A black mamba skeleton (Tomb:1)
  A golden eye (Tomb:1)
  2 eyes of draining
  A centaur (D:11)
  A manticore skeleton (Tomb:1)
  A spectral human (Tomb:2)
  A killer bee (D:11)
  A crimson imp (Crypt:3)
  A hound (D:12)
  2 iron imps
  7 mummies
  2 shadow imps (Crypt:3)
  A white imp (Vaults:2)
  8 ufetubi
  2 orcs (D:11)
213 creatures vanquished.

Vanquished Creatures (others)
  An unborn (Tomb:2)
  A soul eater (Tomb:1)
  23 death scarabs
  A putrid demonspawn (Tomb:2)
  A smoke demon (Tomb:3)
  4 flying skulls (Tomb:2)
  A chaos spawn (Tomb:2)
  A crimson imp (Tomb:2)
  A quasit (Tomb:3)
  A mummy (Tomb:2)
  An ufetubus (Tomb:2)
  4 toadstools (D:1)
40 creatures vanquished.

Grand Total: 253 creatures vanquished

Notes
Turn   | Place    | Note
--------------------------------------------------------------
     0 | D:1      | Kramin, the High Elf Gladiator, began the quest for the Orb.
     0 | D:1      | Reached XP level 1. HP: 14/14 MP: 2/2
     0 | D:1      | Entered wizard mode.
     0 | D:1      | Reached XP level 2. HP: 19/19 MP: 3/3
     0 | D:1      | Reached XP level 3. HP: 24/24 MP: 5/5
     0 | D:1      | Reached XP level 4. HP: 29/29 MP: 7/7
     0 | D:1      | Reached XP level 5. HP: 34/34 MP: 8/8
     0 | D:1      | Reached XP level 6. HP: 39/39 MP: 10/10
     0 | D:1      | Reached XP level 7. HP: 45/45 MP: 12/12
     0 | D:1      | Reached XP level 8. HP: 50/50 MP: 13/13
     0 | D:1      | Reached XP level 9. HP: 54/54 MP: 15/15
     0 | D:1      | Reached XP level 10. HP: 60/60 MP: 17/17
     0 | D:1      | Reached XP level 11. HP: 64/64 MP: 18/18
     0 | D:1      | Reached XP level 12. HP: 70/70 MP: 19/19
     0 | D:1      | Reached XP level 13. HP: 74/74 MP: 20/20
     0 | D:1      | Reached XP level 14. HP: 81/81 MP: 21/21
     0 | D:1      | Reached XP level 15. HP: 85/85 MP: 22/22
     0 | D:1      | Reached XP level 16. HP: 90/90 MP: 23/23
     0 | D:1      | Reached XP level 17. HP: 95/95 MP: 23/23
     0 | D:1      | Reached XP level 18. HP: 100/100 MP: 24/24
     0 | D:1      | Reached XP level 19. HP: 105/105 MP: 25/25
     0 | D:1      | Reached XP level 20. HP: 110/110 MP: 25/25
     0 | D:1      | Reached XP level 21. HP: 116/116 MP: 26/26
     0 | D:1      | Reached XP level 22. HP: 121/121 MP: 27/27
     0 | D:1      | Reached XP level 23. HP: 126/126 MP: 27/27
     0 | D:1      | Reached XP level 24. HP: 131/131 MP: 28/28
     0 | D:1      | Reached XP level 25. HP: 135/135 MP: 29/29
     0 | D:1      | Reached XP level 26. HP: 141/141 MP: 29/29
     0 | D:1      | Reached XP level 27. HP: 145/145 MP: 29/29
     6 | D:1      | Learned a level 5 spell: Phase Shift
     8 | D:1      | Learned a level 2 spell: Blink
     9 | D:1      | Learned a level 1 spell: Apportation
    15 | D:1      | Learned a level 6 spell: Haste
    21 | D:1      | Learned a level 6 spell: Deflect Missiles
    24 | D:1      | Learned a level 3 spell: Regeneration
    27 | D:1      | Learned a level 3 spell: Spectral Weapon
    28 | D:1      | Learned a level 1 spell: Summon Butterflies
    37 | D:1      | Learned a level 9 spell: Shatter
   167 | D:1      | Became a worshipper of Dithmenos the Shadowed
   167 | D:1      | Acquired Dithmenos' first power
   167 | D:1      | Acquired Dithmenos' second power
   167 | D:1      | Acquired Dithmenos' third power
   167 | D:1      | Acquired Dithmenos' fourth power
   273 | D:5      | Entered Level 5 of the Dungeon
   273 | D:10     | Entered Level 10 of the Dungeon
   273 | D:13     | Found a gate to the Vaults.
   273 | D:13     | Noticed Rupert
   273 | D:13     | Noticed Donald
   277 | D:13     | Found a portal to a secret trove of treasure.
   277 | D:13     | Found Wief's Antique Armour Shop.
   279 | D:13     | Got a decaying rune of Zot
   280 | D:13     | Got a serpentine rune of Zot
   281 | D:13     | Got a silver rune of Zot
   283 | Vaults:1 | Entered Level 1 of the Vaults
   289 | D:15     | Entered Level 15 of the Dungeon
   289 | D:15     | Found a staircase to the Depths.
   341 | Vaults:2 | Found Ginastro's Weapon Boutique.
   341 | Vaults:3 | Found a staircase to the Crypt.
   413 | Crypt:1  | Entered Level 1 of the Crypt
   414 | Crypt:1  | Found a basalt altar of Yredelemnul.
   414 | Crypt:3  | Entered Level 3 of the Crypt
   414 | Crypt:3  | Found an ancient bone altar of Kikubaaqudgha.
   414 | Crypt:3  | Found a staircase to the Tomb.
   702 | Depths:1 | Entered Level 1 of the Depths
   702 | Depths:1 | Noticed Sojobo
   703 | Depths:1 | Found an iron altar of Okawaru.
   703 | Depths:1 | Found a shattered altar of Ashenzari.
   703 | Depths:1 | Found a gateway to Hell.
   703 | Depths:2 | Found a one-way gate to the infinite horrors of the Abyss.
   703 | Depths:3 | Found a one-way gate leading to the halls of Pandemonium.
   703 | Depths:3 | Found a gateway to a ziggurat.
   703 | Depths:5 | Entered Level 5 of the Depths
   703 | Depths:5 | Found a gate to the Realm of Zot.
   703 | Depths:5 | Found Taiwahes' Magic Scroll Shop.
   726 | Zot:1    | Entered Level 1 of the Realm of Zot
   726 | Zot:1    | Found a snail-covered altar of Cheibriados.
   727 | Zot:1    | Found a shimmering altar of Xom.
   727 | Zot:1    | Found a deep blue altar of Sif Muna.
   727 | Zot:5    | Entered Level 5 of the Realm of Zot
   816 | Zot:5    | Got the Orb of Zot
   943 | Zot:2    | Noticed Plud the pandemonium lord
  1798 | Crypt:3  | Identified Denif's Catalogue of Slavery
  1932 | Tomb:1   | Entered Level 1 of the Tomb of the Ancients
  1933 | Tomb:1   | Noticed Mara
  1949 | Tomb:1   | Killed Mara
  2390 | Crypt:3  | Reached skill level 23 in Fighting
  3027 | Tomb:1   | Noticed Uroxt the pandemonium lord
  3027 | Tomb:1   | Gained mutation: You occasionally shout uncontrollably at your foes. [mutagenic glow]
  3065 | Tomb:1   | Killed Uroxt the pandemonium lord
  3065 | Tomb:1   | Reached skill level 24 in Fighting
  3080 | Tomb:1   | Gained mutation: You are dopey. (Int -2) [mutagenic glow]
  3112 | Tomb:1   | Gained mutation: You sometimes yell uncontrollably at your foes. [mutagenic glow]
  3231 | Tomb:1   | Noticed Threyx the pandemonium lord
  3250 | Tomb:1   | Killed Threyx the pandemonium lord
  3294 | Tomb:1   | Gained mutation: Your magical capacity is low (-10% MP). [mutagenic glow]
  3319 | Tomb:1   | Gained mutation: Space occasionally distorts in your vicinity. [mutagenic glow]
  3343 | Tomb:1   | Gained mutation: You are frail (-10% HP). [mutagenic glow]
  3460 | Tomb:2   | Reached skill level 25 in Fighting
  3500 | Tomb:2   | Gained mutation: You frequently scream uncontrollably at your foes. [mutagenic glow]
  3623 | Tomb:3   | Entered Level 3 of the Tomb of the Ancients
  3650 | Tomb:3   | Noticed Khufu
  3685 | Tomb:3   | Got a golden rune of Zot
  3806 | Tomb:2   | Noticed Huomopnic the pandemonium lord
  3844 | Tomb:1   | Noticed Souwn the pandemonium lord
  3898 | Tomb:1   | Gained mutation: You are weak. (Str -2) [a neqoxec]
  3912 | Crypt:3  | Lost mutation: You frequently scream uncontrollably at your foes. [mutagenic glow]
  4025 | Crypt:2  | Noticed an ancient lich
  4025 | Crypt:2  | Noticed Bots the pandemonium lord
  4226 | Vaults:1 | Noticed Gaarad the pandemonium lord
  4271 | Vaults:1 | Killed Gaarad the pandemonium lord
  4333 | D:10     | Quit the game

Action                   |  1- 3 |  4- 6 |  7- 9 | 10-12 | 13-15 | 16-18 | 19-21 | 22-24 | 25-27 || total
-------------------------+-------+-------+-------+-------+-------+-------+-------+-------+-------++-------
Melee: Eudemon blade     |       |       |       |       |       |       |       |       |   812 ||   812
       Staff             |       |       |       |       |       |       |       |       |     1 ||     1
 Cast: Regeneration      |       |       |       |       |       |       |       |       |    53 ||    53
       Blink             |       |       |       |       |       |       |       |       |    21 ||    21
       Haste             |       |       |       |       |       |       |       |       |     7 ||     7
       Shatter           |       |       |       |       |       |       |       |       |     6 ||     6
       Phase Shift       |       |       |       |       |       |       |       |       |     2 ||     2
       Apportation       |       |       |       |       |       |       |       |       |     1 ||     1
       Deflect Missiles  |       |       |       |       |       |       |       |       |     1 ||     1
       Spectral Weapon   |       |       |       |       |       |       |       |       |     1 ||     1
Invok: Shadow Form       |       |       |       |       |       |       |       |       |     3 ||     3
Evoke: Staff of energy   |       |       |       |       |       |       |       |       |    44 ||    44
       Wand              |       |       |       |       |       |       |       |       |    31 ||    31
  Use: Potion            |       |       |       |       |       |       |       |       |    17 ||    17
       Scroll            |       |       |       |       |       |       |       |       |     1 ||     1
 Stab: Invisible         |       |       |       |       |       |       |       |       |     4 ||     4
       Distracted        |       |       |       |       |       |       |       |       |     1 ||     1
  Eat: Meat ration       |       |       |       |       |       |       |       |       |     6 ||     6
       Bread ration      |       |       |       |       |       |       |       |       |     1 ||     1
